AoeStats
← noobsriram

Arena

509668442Analyzed
4v4 RM · 4d ago on Sep 27, 2026· 53m 14s· 8 players
Game mode
Random Map
Map size
Large (8 player)
Population
200
Speed
Normal
Resources
Standard
Victory
Conquest
Starting age
Dark Age
Ending age
Imperial Age
RankedLock teamsTeams togetherTeam positionsShared explorationLock speedFull tech treeHidden civsTurbo modeCheats
Victory
Defeat
🇹🇼 Bengalis · Taiwan
1224
+12
🇹🇼 Slavs · Taiwan
1214
+12
🇹🇼 Danes · Taiwan
1214
+12
🇹🇼 Vietnamese · Taiwan
1109
+15
🇦🇫 Bohemians · Afghanistan
1142
-14
🇵🇱 Byzantines · Poland
1130
-13
🇮🇳 Saracens · India
1111
-12
🇵🇱 Spanish · Poland
1109
-12
k-otic
3:17 Loom
11:13 Feudal Age
16:59 Castle Age
15:39 Horse Collar
15:46 Double-Bit Axe
18:21 Fletching
18:12 Pikeman
19:07 Bow Saw
19:48 Padded Archer Armor
22:06 Crossbowman
28:32 Bodkin Arrow
29:10 Leather Archer Armor
29:05 Thumb Ring
33:03 Imperial Age
31:43 Murder Holes
31:44 Gold Mining
33:04 Ballistics
33:24 Bloodlines
33:27 Husbandry
34:27 Gold Shaft Mining
34:46 Redemption
35:15 Arbalester
36:58 Chemistry
36:36 Conscription
36:53 Scale Barding Armor
36:21 Light Cavalry
37:43 Heavy Camel Rider
38:47 Chain Barding Armor
38:57 Forging
41:07 Hussar
43:27 Plate Barding Armor
43:32 Wheelbarrow
44:01 Two-Man Saw
45:47 Iron Casting
45:30 Fortified Wall
noobsriram
11:29 Feudal Age
12:31 Loom
16:07 Castle Age
14:43 Double-Bit Axe
17:20 Bow Saw
21:29 Horse Collar
24:23 Fervor
30:48 Imperial Age
28:05 Town Watch
28:46 Scale Mail Armor
28:56 Forging
29:53 Wheelbarrow
30:06 Chain Mail Armor
29:15 Pikeman
31:10 Iron Casting
31:55 Hand Cart
31:06 Halberdier
31:49 Padded Archer Armor
32:52 Chemistry
32:00 Capped Ram
33:44 Conscription
35:55 Fletching
36:36 Plate Mail Armor
37:06 Blast Furnace
jkeR.!
10:06 Feudal Age
14:21 Castle Age
12:27 Double-Bit Axe
19:41 Loom
29:39 Stone Mining
32:59 Imperial Age
31:32 Fletching
32:42 Wheelbarrow
31:39 Elite Skirmisher
32:19 Bodkin Arrow
32:47 Ballistics
34:18 Hand Cart
36:50 Chemistry
36:29 Bow Saw
36:20 Horse Collar
37:37 Bracer
37:38 Padded Archer Armor
38:15 Gold Mining
38:56 Conscription
39:51 Two-Man Saw
40:36 Leather Archer Armor
40:35 Fortified Wall
40:23 Murder Holes
41:41 Elite Conquistador
42:11 Pikeman
42:52 Squires
42:38 Arson
43:05 Halberdier
43:58 Forging
43:49 Scale Mail Armor
tiwaz55
11:20 Feudal Age
12:47 Double-Bit Axe
16:27 Castle Age
14:51 Horse Collar
16:02 Gold Mining
16:25 Loom
17:23 Elite Skirmisher
22:05 Gold Shaft Mining
31:34 Imperial Age
30:04 Heavy Plow
31:05 Gold Shaft Mining
31:13 Fortified Wall
30:44 Treadmill Crane
32:23 Wheelbarrow
32:09 Scale Barding Armor
32:32 Fletching
33:45 Chemistry
33:28 Bow Saw
33:40 Stone Mining
35:21 Hand Cart
36:44 Two-Man Saw
36:17 Crop Rotation
36:24 Conscription
36:51 Chain Barding Armor
37:24 Ballistics
38:16 Plate Barding Armor
37:09 Heavy Camel Rider
37:50 Husbandry
38:51 Coinage
38:40 Caravan
38:53 Forging
38:43 Cavalier
40:37 Iron Casting
39:30 Light Cavalry
43:56 Hoardings
tyui18522
10:09 Feudal Age
9:02 Loom
14:09 Castle Age
12:20 Double-Bit Axe
12:53 Horse Collar
15:12 Bow Saw
17:25 Fletching
20:29 Bodkin Arrow
24:42 Wheelbarrow
25:09 Forging
29:49 Imperial Age
29:25 Heavy Plow
30:11 Hand Cart
30:50 Ballistics
30:42 Husbandry
30:52 Bloodlines
30:43 Bracer
31:48 Chemistry
31:41 Crop Rotation
31:50 Padded Archer Armor
32:26 Gold Mining
33:03 Siege Engineers
32:55 Murder Holes
34:06 Two-Man Saw
34:10 Light Cavalry
34:57 Scale Barding Armor
35:27 Iron Casting
34:42 Town Watch
35:13 Paiks
35:30 Conscription
35:45 Elite Battle Elephant
36:50 Chain Barding Armor
37:19 Gold Shaft Mining
37:47 Devotion
38:49 Stone Mining
39:52 Conscription
40:16 Plate Barding Armor
40:49 Blast Furnace
42:59 Masonry
43:04 Fortified Wall
43:50 Mahayana
43:47 Guilds
44:11 Coinage
45:28 Banking
45:13 Guilds
45:39 Leather Archer Armor
44:47 Elite Ratha (Ranged)
47:19 Town Patrol
47:52 Ring Archer Armor
47:55 Architecture
52:24 Spies/Treason
s28366648
11:21 Feudal Age
12:54 Horse Collar
15:35 Castle Age
13:36 Double-Bit Axe
17:05 Bow Saw
20:31 Loom
22:13 Wheelbarrow
22:46 Heavy Plow
24:21 Hand Cart
25:25 Gold Mining
27:47 Fortified Wall
30:25 Imperial Age
29:33 Gold Shaft Mining
28:50 Stone Mining
29:06 Town Watch
30:54 Forging
30:44 Scale Mail Armor
30:52 Scale Barding Armor
31:35 Bloodlines
31:27 Husbandry
33:35 Coinage
33:41 Iron Casting
33:26 Chain Barding Armor
32:58 Fletching
33:33 Ballistics
34:14 Chemistry
33:20 Siege Engineers
33:07 Elite Boyar
33:50 Detinets
34:11 Conscription
33:33 Heavy Scorpion
35:47 Blast Furnace
36:14 Druzhina
38:23 Hoardings
38:31 Plate Barding Armor
37:53 Bodkin Arrow
39:56 Banking
43:50 Caravan
46:45 Two-Man Saw
47:11 Murder Holes
markmax444
10:23 Feudal Age
14:11 Castle Age
12:16 Double-Bit Axe
12:25 Horse Collar
14:35 Wheelbarrow
15:13 Bow Saw
20:38 Gold Mining
20:58 Stone Mining
22:39 Hand Cart
23:05 Loom
27:26 Masonry
27:21 Heavy Plow
31:08 Imperial Age
28:32 Gambesons
28:47 Squires
28:32 Arson
29:44 Forging
29:34 Scale Mail Armor
29:24 Fletching
30:16 Ballistics
30:45 Hamask
32:06 Iron Casting
31:46 Chain Mail Armor
31:18 Elite Varangian Guard
32:21 Conscription
32:39 Bodkin Arrow
33:46 Chemistry
32:30 Onager
33:15 Northmen's Fury
37:57 Siege Engineers
37:14 Siege Onager
37:46 Northmen's Fury
39:02 Hoardings
42:12 Blast Furnace
41:42 Plate Mail Armor
41:12 Bracer
43:50 Gold Shaft Mining
43:50 Stone Shaft Mining
42:37 Elite Jomsviking
45:41 Caravan
46:12 Coinage
45:42 Caravan
Cara G
7:13 Loom
11:49 Feudal Age
16:09 Castle Age
14:32 Horse Collar
14:42 Double-Bit Axe
18:13 Bow Saw
22:01 Heavy Plow
27:43 Wheelbarrow
26:54 Town Watch
28:22 Hand Cart
31:13 Fortified Wall
34:38 Imperial Age
33:18 Murder Holes
33:44 Ballistics
33:37 Forging
33:28 Scale Mail Armor
33:19 Fletching
33:30 Padded Archer Armor
35:42 Thumb Ring
34:58 Elite Skirmisher
35:04 Elite Rattan Archer
35:15 Sappers
36:06 Paper Money
36:11 Chain Mail Armor
35:47 Arrowslits
36:00 Gold Mining
36:00 Stone Mining
37:13 Chemistry
37:14 Leather Archer Armor
36:54 Bodkin Arrow
37:35 Iron Casting
37:14 Imperial Skirmisher
42:54 Plate Mail Armor
42:54 Ring Archer Armor
42:24 Bracer
Connection lost

Rejoining the realm…

Still unreachable

The connection could not be restored.

Session expired

The server has moved on; the page needs a fresh start.